 Dungeon Crawl Stone Soup version 0.30-a0-587-gfd7c166f36 (webtiles) character file.

Game seed: 8404325924955331864

52181 M4edhros the Blocker (level 14, 0/93 HPs)
             Began as an Octopode Artificer on Jan 4, 2023.
             Was the Champion of Cheibriados.
             Succumbed to an orange demon's poison
             ... while paralysed by an ogre mage
             ... on level 2 of the Orcish Mines.
             The game lasted 00:46:18 (10411 turns).

M4edhros the Blocker (Octopode Artificer)          Turns: 10411, Time: 00:46:18

Health: 0/93       AC:  5    Str: 28    XL:     14   Next: 62%
Magic:  0/18       EV:  2    Int: 34    God:    Cheibriados [******]
Gold:   1877       SH:  0    Dex: 31    Spells: 2/13 levels left

rFire   . . .      SeeInvis +      - Unarmed
rCold   . . .      Faith    .    o - +1 kite shield
rNeg    . . .      Spirit   +    (helmet restricted)
rPois   .          Reflect  .    x - amulet of guardian spirit
rElec   .          Harm     .    n - +4 ring of protection
rCorr   .          Rampage  .    b - +5 ring of evasion
Will    +....                    K - +6 ring of intelligence
Stlth   +++++                    B - ring of see invisible
HPRegen 0.35/turn                (no ring)
MPRegen 0.16/turn                (no ring)
                                 (no ring)
                                 (no ring)

@: paralysed, lethally poisoned (0 -> -16), about to teleport, very slow
A: almost no armour, amphibious, 8 rings, camouflage 1, gelatinous body 1,
(nimble swimmer 1), tentacles, passive freeze
a: Renounce Religion, Bend Time, Temporal Distortion, Slouch, Step From Time


You were on level 2 of the Orcish Mines.
You worshipped Cheibriados.
Cheibriados was exalted by your worship.
You visited 4 branches of the dungeon, and saw 22 of its levels.
You also visited: Volcano.

You collected 1877 gold pieces.

Inventory:

Missiles
 m - 6 throwing nets
 q - 21 poisoned darts (quivered)
 y - a curare-tipped dart
 G - 6 atropa-tipped darts
 O - 2 javelins
Armour
 o - a +1 kite shield (worn)
Magical Staves
 A - a staff of earth
Jewellery
 b - a +5 ring of evasion (right tentacle)
 n - a +4 ring of protection (left tentacle)
 u - a ring of fire
 x - an amulet of guardian spirit (around mantle)
 B - a ring of see invisible (on tentacle)
 C - a ring of fire
 D - an amulet of faith
 K - a +6 ring of intelligence (on tentacle)
Wands
 d - a wand of iceblast (3)
 p - a wand of mindburst (2)
 s - a wand of digging (5)
 H - a wand of light (6)
 Q - a wand of charming (5)
Scrolls
 e - 6 scrolls of vulnerability
 h - a scroll of fear
 i - 5 scrolls of noise
 j - 3 scrolls of teleportation
 k - 3 scrolls of magic mapping
 v - 4 scrolls of enchant weapon
 z - 3 scrolls of fog
 E - 2 scrolls of amnesia
 F - 2 scrolls of brand weapon
 I - 2 scrolls of blinking
 J - 4 scrolls of identify
 P - a scroll of silence
 R - a scroll of torment
Potions
 a - 5 potions of lignification
 c - a potion of attraction
 f - 3 potions of curing
 g - 5 potions of flight
 l - 5 potions of heal wounds
 r - 4 potions of mutation
 t - a potion of ambrosia
 w - 3 potions of brilliance
 L - a potion of cancellation
 M - 3 potions of might
 N - a potion of invisibility


   Skills:
 - Level 7.7 Fighting
 - Level 10.4 Dodging
 - Level 5.2 Stealth
 * Level 13.6 Shields
 - Level 11.0 Unarmed Combat
 * Level 5.9 Conjurations
 + Level 2.1 Necromancy
 - Level 3.0 Translocations
 * Level 5.8 Ice Magic
 * Level 5.9 Air Magic
 + Level 2.2 Earth Magic
 - Level 6.0 Invocations
 - Level 5.0 Evocations


You had 2 spell levels left.
You knew the following spells:

 Your Spells              Type           Power      Damage    Failure   Level
a - Apportation           Tloc           40%        N/A       4%          1
b - Freezing Cloud        Conj/Ice/Air   20%        6-21      34%         5
c - Borgnjor's Vile Clut  Necr/Erth      7%         N/A       83%         5

Your spell library contained the following spells:

 Spells                   Type           Power      Damage    Failure   Level
 Sublimation of Blood     Necr           14%        N/A       9%          2
 Vhi's Electric Charge    Tloc/Air       60%        N/A       7%          3
 Dazzling Flash           Conj/Hex       40%        N/A       12%         3
 Kindle Blastsparks       Fire/Tloc/Air  40%        2d13      12%         3
 Iskenderun's Mystic Bla  Conj/Tloc      30%        2d8       22%         4
 Arcjolt                  Conj/Air       20%        1d30      32%         5
 Iskenderun's Battlesphe  Conj           40%        2d9       32%         5
 Ignite Poison            Fire/Tmut/Pois 0%         N/A       38%         3
 Fulminant Prism          Conj/Hex       10%        3d8       38%         4
 Animate Dead             Necr           14%        N/A       50%         4
 Petrify                  Tmut/Erth      7%         N/A       65%         4
 Fireball                 Conj/Fire      10%        3d6       75%         5
 Irradiate                Conj/Tmut      10%        3d15      75%         5
 Silence                  Hex/Air        10%        N/A       75%         5
 Lee's Rapid Deconstruct  Erth           7%         3d7*      83%         5
 Agony                    Necr           14%        N/A       85%         5
 Conjure Ball Lightning   Conj/Air       20%        3x3d6     88%         6
 Alistair's Intoxication  Tmut/Pois      0%         N/A       98%         5
 Death Channel            Necr           7%         N/A       100%        6
 Orb of Destruction       Conj           20%        9d8       100%        7
 Maxwell's Capacitive Co  Air            20%        ∞         100%        8


Dungeon Overview and Level Annotations

Branches:
Dungeon (14/15)            Temple (1/1) D:6            Lair (5/5) D:11
 Shoals (0/4) Lair:3        Snake (0/4) Lair:3        Slime (0/5) Lair:5
    Orc (2/2) D:9             Elf (0/3) Orc:2        Vaults (0/5) D:13
Volcano (visited)

Altars:
Ashenzari
Cheibriados
Dithmenos
Elyvilon
Fedhas
Gozag
Hepliaklqana
Makhleb
Nemelex Xobeh
Okawaru
Qazlal
Ru
Trog
Uskayaw
Vehumet
Wu Jian
Yredelemnul
Zin
The Shining One
Jiyva

Shops:
D:1 [   D:5 [

Annotations:
Lair:3 exclusion: oklob plant
Lair:5 1 runed translucent door


Innate Abilities, Weirdness & Mutations

You cannot wear most types of armour.
You are amphibious.
You can wear up to eight rings at the same time.
Your skin changes colour to match your surroundings (Stealth+).
Your rubbery body absorbs attacks. (AC +1, EV +1)
((You are camouflaged when in or above water. (Stealth+)))
You have tentacles for arms and can constrict up to eight enemies at once.
A frigid envelope surrounds you and freezes all who hurt you.


Message History

You block the two-headed ogre's attack. x2
The orc sorcerer shouts!
Your Necromancy skill increases to level 2!
Okay, then.
Really quaff the potion of lignification?
Okay, then.
As you read the scroll of teleportation, it crumbles to dust.
You feel strangely unstable.
The ogre mage gestures at you while chanting.
You suddenly lose the ability to move!
You hear a shout! x2
You hear two shouts!
You hear a shout!
The sixfirhy hits you! The sixfirhy shocks you!
The sixfirhy is very cold.
The sixfirhy is lightly wounded.
The sixfirhy hits you but does no damage.
The sixfirhy is very cold.
The sixfirhy is moderately wounded.
The sixfirhy hits you. The sixfirhy shocks you!
The sixfirhy is very cold.
The sixfirhy is heavily wounded.
The two-headed ogre barely misses you.
The two-headed ogre hits you with a +0 giant club!
* * * LOW HITPOINT WARNING * * *
The orange demon stings you from afar.
* * * LOW HITPOINT WARNING * * *
The ogre mage mumbles some strange words.
The ogre mage flickers and vanishes for a moment.
The orc sorcerer howls an incantation.
The orc sorcerer shimmers violently.
The two-headed ogre barely misses you.
The two-headed ogre hits you with a +0 giant club!
* * * LOW HITPOINT WARNING * * *
The two-headed ogre is very cold.
You kill the two-headed ogre!
Cheibriados appreciates the change of pace.
The orange demon stings you from afar.
* * * LOW HITPOINT WARNING * * *
You are lethally poisoned!
The orange demon poisons you!
You hear two shouts!
You die...

................##*,**
................#....##***
......................##,******
........................,,*,*,**
,.................#.....,*,,,,,**
,.......................,**,,,***
,...#...................,,,,,,,*,
,..................o...#,,,,,,,*,
,..............)@)o....#,,,,,,,,,
,..............))34.....,,,,,,,,,
,............###).###...,,,,,,,,,
,...........##*OOOO#**,.,,,,,,,,,
,......#....#*,.)...#*,,,,,,,,,,,
,,..........#*...)..#*,,,,,,,,,,*
,,,.........#,.O.))..#,,,,,,,,,,,
,,,,,.......#...)....#,,,,,,,,,,,
,,,,,.......*,,,.O...#,,*,,,,,,,,


You could see 2 two-headed ogres, an ogre mage (invisible), an orange demon
(summoned), a sixfirhy (summoned), 2 orc sorcerers and 2 ogres.

Vanquished Creatures
  Josephine (D:12)
  3 hydras
  Harold (D:9)
  5 boulder beetles
  2 centaur warriors (D:13)
  An ogre mage (Volcano)
  11 two-headed ogres
  A hell knight (Volcano)
  Amaemon (D:10)
  A goliath frog (Lair:5)
  3 ugly things (D:14)
  A deep elf pyromancer (D:13)
  A wolf spider (D:12)
  A cyclops (D:12)
  2 black mambas
  Joseph (D:10)
  A merfolk siren (Lair:3)
  An orange demon (D:10)
  11 cane toads
  Psyche (D:9)
  Maggie (D:9)
  6 gargoyles
  A rime drake (Lair:3)
  2 unseen horrors
  9 komodo dragons
  6 polar bears
  6 trolls
  A troll (shapeshifter) (D:14)
  2 tyrant leeches (Lair:5)
  18 blink frogs
  Prince Ribbit (D:7)
  6 dream sheep (Lair:3)
  7 slime creatures (D:12)
  3 shadows
  Grum (D:9)
  30 yaks
  4 basilisks
  6 wraiths
  2 wyverns
  8 vampire mosquitoes
  An acid dragon (D:13)
  12 water moccasins
  3 black bears
  4 orc warriors
  2 sky beasts
  2 ice beasts
  9 ogres
  6 centaurs
  7 wolves
  A phantom (D:9)
  A kobold brigand (D:8)
  9 bullfrogs
  A necrophage (D:4)
  2 scorpions
  5 gnoll sergeants
  8 wights
  3 killer bees (D:11)
  A troll skeleton (D:9)
  5 spriggan skeletons (D:9)
  2 howler monkeys (D:11)
  6 orc priests
  7 hounds
  5 iguanas
  17 orc wizards
  6 ogre zombies (D:9)
  10 adders
  30 gnolls
  A shadow imp (D:5)
  4 white imps
  2 ufetubi
  4 dart slugs
  32 orcs
  4 ball pythons
  7 bats
  7 endoplasms
  2 giant cockroaches
  8 goblins
  7 hobgoblins
  12 kobolds
  6 quokkas
  5 frilled lizards
  2 goblin skeletons (D:9)
  3 goblin zombies (D:9)
  A hobgoblin skeleton (D:9)
  A hobgoblin zombie (D:9)
  12 orc zombies (D:9)
  7 rats
462 creatures vanquished.

Vanquished Creatures (collateral kills)
  A vampire mosquito (Lair:5)
  A jelly (D:7)
  A gnoll (D:5)
  A white imp (D:7)
  4 orcs
8 creatures vanquished.

Vanquished Creatures (others)
  A wolf (D:9)
  A killer bee (D:7)
  2 electric eels (Lair:5)
  A gnoll (D:5)
  19 fungi
  82 plants
106 creatures vanquished.

Grand Total: 576 creatures vanquished

Notes
Turn   | Place    | Note
-------+----------+-------------------------------------------
     0 | D:1      | M4edhros the Octopode Artificer began the quest for the
                  | Orb.
     0 | D:1      | Reached XP level 1. HP: 13/13 MP: 1/1
    76 | D:2      | Reached XP level 2. HP: 18/18 MP: 2/2
   108 | D:2      | Reached skill level 1 in Unarmed Combat
   111 | D:2      | Found a glowing golden altar of the Shining One.
   329 | D:3      | Reached XP level 3. HP: 18/23 MP: 3/3
   723 | D:4      | Reached XP level 4. HP: 27/29 MP: 4/4
   723 | D:4      | Noticed a black bear
   729 | D:4      | Killed a black bear
   730 | D:4      | Reached XP level 5. HP: 33/34 MP: 5/5
   867 | D:4      | Reached XP level 6. HP: 37/41 MP: 6/6
   896 | D:5      | Entered Level 5 of the Dungeon
  1029 | D:6      | Noticed an ice beast
  1039 | D:6      | Killed an ice beast
  1040 | D:6      | Reached XP level 7. HP: 45/45 MP: 7/7
  1077 | D:6      | Found a staircase to the Ecumenical Temple.
  1085 | Temple   | Entered the Ecumenical Temple
  1184 | Temple   | Became a worshipper of Cheibriados the Contemplative
  1728 | D:1      | Reached * piety under Cheibriados
  1822 | D:1      | Found Wuclan's Armour Shoppe.
  1907 | D:1      | Learned a level 1 spell: Apportation
  2245 | D:3      | Found a faded altar of an unknown god.
  2517 | D:3      | Found a stormy altar of Qazlal.
  2519 | D:3      | Noticed a fire elemental
  2520 | D:3      | Noticed a water elemental
  2520 | D:3      | Noticed an air elemental
  2980 | D:4      | Reached ** piety under Cheibriados
  3099 | D:4      | Reached skill level 5 in Stealth
  3099 | D:4      | Reached skill level 1 in Translocations
  3268 | D:4      | Reached XP level 8. HP: 52/52 MP: 8/8
  3364 | D:5      | Reached skill level 5 in Evocations
  3366 | D:5      | Reached skill level 5 in Unarmed Combat
  3474 | D:6      | Reached skill level 1 in Shields
  3501 | D:6      | Reached *** piety under Cheibriados
  3537 | D:5      | Found Dioduagg's Armour Shoppe.
  3639 | D:5      | Reached skill level 2 in Shields
  3764 | D:5      | Reached **** piety under Cheibriados
  3901 | D:6      | Found a glowing silver altar of Zin.
  4007 | D:7      | Reached skill level 3 in Shields
  4081 | D:7      | Reached XP level 9. HP: 58/58 MP: 9/9
  4086 | D:7      | Reached skill level 5 in Dodging
  4269 | D:7      | Reached skill level 4 in Shields
  4397 | D:7      | Noticed Prince Ribbit
  4404 | D:7      | Killed Prince Ribbit
  4542 | D:8      | Reached skill level 5 in Fighting
  4607 | D:8      | Reached skill level 5 in Shields
  4621 | D:8      | Reached ***** piety under Cheibriados
  4636 | D:8      | Reached XP level 10. HP: 62/66 MP: 10/10
  4655 | D:8      | Reached skill level 6 in Shields
  4727 | D:8      | Identified the +0 dagger of Itonenom {speed, rF+ rN+ rCorr
                  | Int+6}
  4826 | D:9      | Noticed Psyche
  4844 | D:9      | Noticed Grum
  4849 | D:9      | Noticed Maggie
  4863 | D:9      | Gained mutation: A frigid envelope surrounds you and
                  | freezes all who hurt you. [potion of mutation]
  4865 | D:9      | Killed Psyche
  4954 | D:9      | Killed an unseen horror
  5114 | D:9      | Killed Maggie
  5191 | D:10     | Entered Level 10 of the Dungeon
  5206 | D:9      | Reached skill level 7 in Shields
  5319 | D:10     | Noticed Joseph
  5328 | D:10     | Killed Joseph
  5398 | D:11     | Found a staircase to the Lair.
  5503 | D:12     | Noticed a boulder beetle
  5524 | D:12     | Killed a boulder beetle
  5525 | D:12     | Reached XP level 11. HP: 36/74 MP: 6/11
  5575 | D:12     | Noticed Josephine
  5581 | D:12     | Killed Josephine
  5582 | D:12     | Reached skill level 8 in Shields
  5701 | D:12     | Noticed a wolf spider
  5715 | D:12     | Killed a wolf spider
  5731 | D:12     | Noticed a boulder beetle
  5767 | D:12     | Killed a boulder beetle
  5768 | D:12     | Reached skill level 10 in Unarmed Combat
  6253 | D:10     | Reached ****** piety under Cheibriados
  6362 | D:10     | Reached skill level 9 in Shields
  6469 | D:10     | Noticed Amaemon
  6479 | D:10     | Killed Amaemon
  6552 | D:10     | Reached XP level 12. HP: 81/81 MP: 12/12
  6760 | D:12     | Reached skill level 10 in Shields
  6808 | D:13     | Noticed a boulder beetle
  6822 | D:13     | Killed a boulder beetle
  6855 | D:13     | Noticed a boulder beetle
  6870 | D:13     | Killed a boulder beetle
  6994 | D:14     | Reached skill level 11 in Shields
  7002 | D:14     | Found a bloodstained altar of Trog.
  7039 | D:14     | Noticed a boulder beetle
  7049 | D:14     | Killed a boulder beetle
  7100 | D:13     | Found a gate to the Vaults.
  7100 | D:13     | Noticed a two-headed ogre
  7396 | D:13     | Noticed a centaur warrior
  7409 | D:13     | Killed a centaur warrior
  7428 | D:13     | Noticed a centaur warrior
  7436 | D:13     | Killed a centaur warrior
  7437 | D:13     | Reached skill level 12 in Shields
  7651 | Lair:1   | Entered Level 1 of the Lair of Beasts
  7718 | Lair:1   | Learned a level 5 spell: Freezing Cloud
  7763 | Lair:1   | Reached XP level 13. HP: 88/88 MP: 13/13
  7831 | Lair:1   | Reached skill level 1 in Conjurations
  7831 | Lair:1   | Reached skill level 1 in Ice Magic
  7831 | Lair:1   | Reached skill level 1 in Air Magic
  7841 | Lair:1   | Reached skill level 10 in Dodging
  7853 | Lair:1   | Reached skill level 1 in Invocations
  8021 | Lair:2   | Found a dark tunnel.
  8030 | Volcano  | Entered a volcano
  8051 | Volcano  | Found a bloodstained altar of Trog.
  8084 | Volcano  | Paralysed by something for 3 turns
  8314 | Lair:3   | Found a staircase to the Snake Pit.
  8493 | Lair:3   | Reached skill level 13 in Shields
  8602 | Lair:4   | Found a broken altar of Ashenzari.
  8639 | Lair:5   | Entered Level 5 of the Lair of Beasts
  8639 | Lair:5   | Noticed an acid blob
  8639 | Lair:5   | Found a runed translucent door.
  8639 | Lair:5   | Found a viscous altar of Jiyva.
  8640 | Lair:5   | Found a staircase to the Slime Pits.
  8813 | Lair:4   | Learned a level 5 spell: Borgnjor's Vile Clutch
  8905 | Lair:5   | Reached XP level 14. HP: 46/93 MP: 10/17
  8929 | Lair:5   | Reached skill level 5 in Invocations
  8958 | Lair:5   | Reached skill level 5 in Conjurations
  8960 | Lair:5   | Reached skill level 5 in Air Magic
  8971 | Lair:5   | Reached skill level 5 in Ice Magic
  9389 | Lair:3   | Reached skill level 1 in Earth Magic
  9390 | Lair:3   | Reached skill level 1 in Necromancy
  9439 | Lair:3   | Found a staircase to the Shoals.
 10121 | D:9      | Noticed Harold
 10144 | D:9      | Killed Harold
 10203 | D:9      | Killed Grum
 10208 | D:9      | Found a staircase to the Orcish Mines.
 10278 | Orc:1    | Entered Level 1 of the Orcish Mines
 10305 | Orc:2    | Entered Level 2 of the Orcish Mines
 10305 | Orc:2    | Found a staircase to the Elven Halls.
 10408 | Orc:2    | Paralysed by an ogre mage for 4 turns
 10410 | Orc:2    | HP: 4/93 [orange demon[an orc sorcerer] (1)]
 10411 | Orc:2    | Succumbed to an orange demon's poison

Illustrated notes

Levels and vault maps discovered:
D:1:      minmay_arrival_statue_studded, layout_basic, serial_shops,
          nicolae_shop_behind_doors, chequers_serial_rivers_micro_a,
          roderic_st_hans_cross, nicolae_eternal_life
D:2:      layout_basic, basic_altar, serial_rivers,
          chequers_serial_rivers_room_b, chequers_serial_rivers_large_a,
          chequers_serial_rivers_marsh, chequers_serial_rivers_large_b
D:3:      layout_loops_cross, nicolae_qazlal_style_of_elements,
          nicolae_ecumenical_oubliette
D:4:      minmay_polygon_palace, layout_basic, serial_shops,
          nicolae_shop_crystal, minmay_misc_feat_four_crosses,
          nicolae_concentric_dashed_squares_wild
D:5:      layout_rooms, serial_shops, shop, kennysheep_generic_room_3
D:6:      layout_gridville, lemuel_doored_altar, minmay_temple_entry_mist
D:7:      layout_cave_pools, serial_column_ruins, column_ruins_square_large,
          column_ruins_hut_pillars, column_ruins_columns_T, column_ruins_grid_1,
          column_ruins_columns_corner, column_ruins_open_tiny,
          minmay_starry_boxes, uniq_prince_ribbit1
D:8:      layout_gridville, marbit_many_paths, grunt_temple_overflow_open
D:9:      layout_loops_ring, zombieorc1_lemuel, hangedman_tell_no_tales,
          uniq_maggie, uniq_harold, uniq_grum, uniq_psyche
D:10:     cheibrodos_statue_roulette, layout_layer_cave, uniq_erica,
          uniq_joseph, uniq_amaemon
D:11:     layout_layer_cave, dpeg_oklobed_lair
D:12:     layout_basic, uniq_josephine
D:13:     layout_roguey [special_room_orc], david_vaults_1
D:14:     layout_roguey, bloody_trog, serial_shops, nicolae_shop_behind_doors
Temple:   minmay_temple_bridge_d
Lair:1:   layout_layer_cave
Lair:2:   layout_regular_city, nicolae_volcano_entry_lava_flow,
          nicolae_lair_grove_arrangements
Lair:3:   layout_concentric_octagons, minmay_shoals_entry_lonely_mermaid,
          minmay_snake_entry_six_corridors
Lair:4:   layout_cave_pods, basic_altar, grunt_megastairs_4,
          infiniplex_staircase_pool_2
Lair:5:   minmay_lair_end_frog_pond, layout_cellular_growth, slime_entry_2
Orc:1:    orc_temple, layout_diamond_mine
Orc:2:    st_orc_ogre_mass, layout_caves, uniq_urug, uniq_sonja

Skill      XL: |  1  2  3  4  5  6  7  8  9 10 11 12 13 14 |
---------------+-------------------------------------------+-----
Unarmed Combat | 1 2 3 4 6 7 9 10 11 | 11.0
Stealth        | 2 3 4 5 |  5.2
Fighting       | 2 3 4 5 6 7 |  7.7
Dodging        | 3 4 5 7 8 9 10 | 10.4
Evocations     | 4 5 |  5.0
Translocations | 1 2 3 |  3.0
Shields        | 3 5 7 9 12 13 | 13.6
Conjurations   | 4 5 |  5.9
Ice Magic      | 4 5 |  5.8
Air Magic      | 4 5 |  5.9
Invocations    | 4 6 |  6.0
Earth Magic    | 2 |  2.2
Necromancy     | 2 |  2.1

Action                   |  1- 3 |  4- 6 |  7- 9 | 10-12 | 13-15 || total
-------------------------+-------+-------+-------+-------+-------++-------
Melee: Unarmed           |    44 |    58 |   320 |   448 |   421 ||  1291
       Constrict         |    11 |    12 |    84 |    52 |    79 ||   238
       Tentacles         |    11 |    12 |    83 |   146 |   141 ||   393
       Punch             |     3 |     2 |    20 |    48 |    44 ||   117
Throw: Dart              |       |       |       |    64 |     2 ||    66
Invok: Slouch            |       |       |       |       |     6 ||     6
Evoke: Wand              |     6 |     9 |    12 |     8 |    13 ||    48
  Use: Scroll            |       |       |    12 |    10 |    10 ||    32
       Potion            |       |       |     5 |     3 |     5 ||    13
 Stab: Sleeping          |     8 |     2 |    31 |    13 |    16 ||    70
       Distracted        |       |     1 |     1 |       |       ||     2
       Betrayed ally     |       |       |     1 |       |       ||     1
Armor: Skin              |     3 |    18 |    37 |    19 |    22 ||    99
Dodge: Dodged            |    28 |    45 |   181 |   280 |   274 ||   808
Block: Kite shield       |       |       |   102 |   296 |   381 ||   779

Table legend: (Time is in decaauts)
 A = Elapsed time spent in this place.
 B = Non-inter-level travel time spent in this place.
 C = Inter-level travel time spent in this place.
 D = Time resting spent in this place.
 E = Time spent auto-exploring this place.
 F = Levels seen in this place.
 G = Mean time per level.
                   A        B        C        D        E       F      G
               +--------+--------+--------+--------+--------+-----+--------+
         Total |  15865 |  13588 |   2277 |    162 |   2514 |  23 |  689.8 |
       Dungeon |  11866 |  10106 |   1760 |    162 |   2325 |  14 |  847.6 |
        Temple |    192 |     70 |    122 |      0 |     61 |   1 |  192.0 |
          Lair |   3342 |   2954 |    388 |      0 |     86 |   5 |  668.4 |
  Orcish Mines |    233 |    227 |      6 |      0 |     42 |   2 |  116.5 |
       Volcano |    230 |    230 |      0 |      0 |      0 |   1 |  230.0 |
               +--------+--------+--------+--------+--------+-----+--------+

Top non-repeatable levels by time:
    D:12: 1691 daAuts
     D:4: 1283 daAuts
    D:10: 1220 daAuts
     D:9: 1004 daAuts
  Lair:3: 989 daAuts
     D:1: 911 daAuts
    D:11: 844 daAuts
     D:7: 712 daAuts
     D:2: 686 daAuts
     D:6: 672 daAuts
    D:13: 666 daAuts
     D:5: 664 daAuts
     D:3: 662 daAuts
  Lair:1: 623 daAuts
  Lair:5: 620 daAuts
